 Dungeon Crawl Stone Soup version 0.28-a0-1038-g9c4cb8273d (webtiles) character file.

Game seed: 16063383499714275804

697 siradein the Skirmisher (level 7, -2/61 HPs)
             Began as a Yellow Draconian Fighter on Dec 8, 2021.
             Slain by a vampire mosquito (8 damage)
             ... on level 7 of the Dungeon.
             The game lasted 00:13:50 (6311 turns).

siradein the Skirmisher (Yellow Draconian Fighter)  Turns: 6311, Time: 00:13:51

Health: -2/61      AC:  9    Str: 19    XL:     7   Next: 37%
Magic:  7/7        EV: 11    Int:  8    God:
Gold:   376        SH:  9    Dex: 12    Spells: 6/6 levels left

rFire   . . .      SeeInvis .   n - +0 mace (holy)
rCold   . . .      Faith    .   a - +0 kite shield
rNeg    . . .      Spirit   .   (armour unavailable)
rPois   .          Reflect  .   (helmet restricted)
rElec   .          Harm     .   (no cloak)
rCorr   +          Rampage  .   s - +2 pair of gloves
Will    .....                   (no boots)
Stlth   +.........              (no amulet)
HPRegen 0.20/turn               (no ring)
MPRegen 0.10/turn               (no ring)

@: short of breath
A: spit acid, AC +6, unfitting armour, cold-blooded, acid resistance
a: Breathe Acid


You were on level 7 of the Dungeon.
You visited 1 branch of the dungeon, and saw 6 of its levels.
You also visited: Sewer and Ossuary.

You collected 425 gold pieces.
You spent 49 gold pieces at shops.

Inventory:

Hand Weapons
 h - a +1 whip of venom
 n - a +0 mace of holy wrath (weapon)
Missiles
 f - 8 poisoned darts
Armour
 a - a +0 kite shield (worn)
 s - a +2 pair of gloves (worn)
Scrolls
 b - a scroll of acquirement
 c - a scroll of blinking
 e - 2 scrolls of vulnerability {unknown}
 g - a scroll of silence {unknown}
 i - 3 scrolls of teleportation {unknown}
 k - a scroll of summoning {unknown}
 m - 4 scrolls of amnesia
 o - 2 scrolls of immolation {unknown}
 q - 2 scrolls of magic mapping {unknown}
 u - a scroll of fear {unknown}
Potions
 j - a potion of cancellation
 l - 3 potions of curing
 p - a potion of flight
 r - a potion of attraction
 t - 2 potions of berserk rage


   Skills:
 + Level 5.5 Fighting
 + Level 4.4 Maces & Flails
 + Level 4.6 Dodging
 + Level 4.9 Shields


You had 6 spell levels left.
You didn't know any spells.
Your spell library contained the following spells:

 Spells                   Type           Power      Damage    Failure   Level
 Sting                    Tmut/Pois      0%         1d3       85%         1
 Poisonous Vapours        Pois/Air       0%         N/A       94%         2
 Gell's Gravitas          Tloc           0%         N/A       99%         3
 Lesser Beckoning         Tloc           0%         N/A       99%         3
 Teleport Other           Tloc           0%         N/A       99%         3
 Leda's Liquefaction      Hex/Erth       0%         N/A       100%        4
 Olgreb's Toxic Radiance  Pois           0%         N/A       100%        4
 Summon Lightning Spire   Summ/Air       0%         N/A       100%        4
 Lee's Rapid Deconstruct  Erth           0%         3d5*      100%        5
 Statue Form              Tmut/Erth      0%         N/A       100%        6
 Storm Form               Tmut/Air       0%         N/A       100%        7
 Maxwell's Capacitive Co  Air            0%         ∞         100%        8


Dungeon Overview and Level Annotations

Branches:
Dungeon (5/15)              Sewer (visited)         Ossuary (visited)
 Temple: D:4-7

Altars:
Qazlal

Shops:
D:1 [   D:2 ?   D:5 *


Innate Abilities, Weirdness & Mutations

You can spit globs of acid.
Your golden yellow scales are hard. (AC +6)
You cannot fit into any form of body armour.
You are cold-blooded and may be slowed by cold attacks.
You are resistant to acid. (rCorr)


Message History

The vampire mosquito draws strength from your injuries!
The vampire mosquito bites you!
The vampire mosquito draws strength from your injuries!
The vampire mosquito is no longer covered in acid.
The vampire mosquito bites you but does no damage.
You thump the vampire mosquito!
The vampire mosquito convulses!
The vampire mosquito is severely damaged.
The vampire mosquito bites you.
The vampire mosquito draws strength from your injuries!
The vampire mosquito barely misses you. The vampire mosquito bites you!
* * * LOW HITPOINT WARNING * * *
The vampire mosquito draws strength from your injuries!
You sock the vampire mosquito!
The vampire mosquito convulses.
The vampire mosquito is severely damaged.
The vampire mosquito closely misses you.
The vampire mosquito bites you but does no damage.
You barely miss the vampire mosquito.
The vampire mosquito is severely damaged.
The vampire mosquito bites you.
* * * LOW HITPOINT WARNING * * *
The vampire mosquito draws strength from your injuries!
The vampire mosquito bites you but does no damage.
A water moccasin zombie comes into view.
The vampire mosquito bites you.
* * * LOW HITPOINT WARNING * * *
The vampire mosquito draws strength from your injuries!
You barely miss the vampire mosquito.
The vampire mosquito is severely damaged.
The vampire mosquito barely misses you. x2
You closely miss the vampire mosquito.
The vampire mosquito is heavily damaged.
The vampire mosquito closely misses you.
The vampire mosquito bites you but does no damage.
The vampire mosquito bites you!
* * * LOW HITPOINT WARNING * * *
The vampire mosquito draws strength from your injuries!
You miss the vampire mosquito. You tail-slap the vampire mosquito.
The vampire mosquito is severely damaged.
The vampire mosquito bites you!
You die...

#.#.#.#.#
# ##....#
###Z.#
##....#
#.#...#
#....##
#.#..#
#...##
##.@#
##y#
........#
....#####
##


You could see a vampire mosquito and a water moccasin zombie.

Vanquished Creatures
  2 water moccasins
  A phantom (D:4)
  A bullfrog zombie (D:5)
  A jelly (D:4)
  An orc priest (D:5)
  An iguana (D:5)
  3 orc wizards (D:5)
  2 mummies
  2 adders
  A shadow imp (D:7)
  An ufetubus (D:4)
  A worm (D:4)
  A dart slug (D:3)
  12 orcs
  4 spectral bats (Ossuary)
  2 endoplasms
  4 giant cockroaches
  12 goblins
  7 hobgoblins
  7 kobolds
  4 quokkas (D:1)
  7 ball pythons
  12 bats
  A bat simulacrum (Ossuary)
  5 frilled lizards
  12 gnoll zombies (Ossuary)
  3 goblin simulacra (Ossuary)
  2 goblin zombies (Ossuary)
  8 hobgoblin zombies
  5 kobold simulacra (Ossuary)
  6 kobold zombies (Ossuary)
  3 orc zombies (Ossuary)
  8 rats
  4 rat simulacra (Ossuary)
  4 spectral goblins (Ossuary)
  9 spectral kobolds (Ossuary)
  4 spectral rats (Ossuary)
163 creatures vanquished.

Vanquished Creatures (others)
  8 demonic plants (D:2)
  9 fungi (D:2)
  10 plants (D:2)
  3 withered plants (D:2)
30 creatures vanquished.

Grand Total: 193 creatures vanquished

Notes
Turn   | Place    | Note
-------+----------+-------------------------------------------
     0 | D:1      | siradein the Draconian Fighter began the quest for the Orb.
     0 | D:1      | Reached XP level 1. HP: 19/19 MP: 1/1
   333 | D:1      | Reached XP level 2. HP: 26/26 MP: 2/2
   503 | D:1      | Found Farhus Gazut's Armour Shoppe.
   618 | D:1      | Bought a +0 kite shield for 49 gold pieces
  1134 | D:1      | Reached XP level 3. HP: 31/33 MP: 3/3
  1527 | D:2      | Found a faded altar of an unknown god.
  1935 | D:2      | Found Viohuosi's Magic Scroll Emporium.
  2754 | D:3      | Reached XP level 4. HP: 40/40 MP: 4/4
  2760 | D:3      | Reached skill level 4 in Fighting
  3526 | D:4      | Found a stormy altar of Qazlal.
  3585 | D:4      | Noticed a phantom
  3605 | D:4      | Killed a phantom
  3606 | D:4      | Reached XP level 5. HP: 16/46 MP: 5/5
  4062 | D:4      | Found a glowing drain.
  4090 | Sewer    | Entered a sewer
  4162 | Sewer    | Noticed a water moccasin
  4179 | Sewer    | Killed a water moccasin
  4180 | Sewer    | Reached XP level 6. HP: 37/55 MP: 6/6
  4847 | D:5      | Entered Level 5 of the Dungeon
  4847 | D:5      | Noticed a water moccasin
  4861 | D:5      | Killed a water moccasin
  4862 | D:5      | Reached skill level 5 in Fighting
  5212 | D:5      | Your scales start taking on a golden yellow colour.
  5212 | D:5      | Reached XP level 7. HP: 16/61 MP: 7/7
  5212 | D:5      | Gained mutation: You are resistant to acid. (rCorr) [Yellow
                  | Draconian growth]
  5324 | D:5      | Found a sand-covered staircase.
  5348 | Ossuary  | Entered an ossuary
  5962 | D:5      | Found Ginnemea's Assorted Antiques.
  6011 | D:5      | Found the +5 sword of Power {vorpal}
  6020 | D:5      | Identified a scroll of acquirement
  6272 | D:5      | You fall into a shaft and drop 2 floors!
  6295 | D:7      | Noticed a vampire mosquito
  6311 | D:7      | Slain by a vampire mosquito

Illustrated notes

Levels and vault maps discovered:
D:1:      shiori_arrival_maze, layout_basic, serial_shops, shop_coins,
          bh_walls_and_bars
D:2:      layout_basic, serial_shops, shop_coins, shapermc_ecumenical_altar_gd
D:3:      layout_basic, minmay_goblin_outpost
D:4:      layout_rooms, grunt_qazlal_sundering, portal_sewer_entry_a,
          grunt_ministairs_8, moated_statue
D:5:      nicolae_cairo_tiling_large, layout_basic, serial_shops, shop,
          nicolae_ossuary_entry_giza, roderic_serpentine_path, uniq_grinder
D:7:      layout_loops_ring, corexii_checkpoint_a, eino_tiny_chamber,
          minmay_manual_monstrance

Skill      XL: |  1  2  3  4  5  6 |
---------------+-------------------+-----
Dodging        | 3 4 |  4.6
Fighting       | 4 5 |  5.5
Maces & Flails | 3 4 |  4.4
Shields        | 4 |  4.9

Action                   |  1- 3 |  4- 6 |  7- 9 || total
-------------------------+-------+-------+-------++-------
Melee: Flail             |    28 |       |       ||    28
       Whip              |   100 |   127 |    27 ||   254
       Tailslap          |     9 |    20 |    34 ||    63
       Mace              |       |       |   179 ||   179
Throw: Dart              |       |     8 |       ||     8
 Abil: Breathe Acid      |       |       |     1 ||     1
  Use: Scroll            |       |     1 |     7 ||     8
       Potion            |       |     1 |       ||     1
 Stab: Sleeping          |     2 |       |     2 ||     4
Armor: Skin              |    36 |    51 |    63 ||   150
Dodge: Dodged            |    63 |    56 |    86 ||   205
Block: Buckler           |     7 |       |       ||     7
       Kite shield       |    41 |    53 |    87 ||   181

Table legend: (Time is in decaauts)
 A = Elapsed time spent in this place.
 B = Non-inter-level travel time spent in this place.
 C = Inter-level travel time spent in this place.
 D = Time resting spent in this place.
 E = Time spent auto-exploring this place.
 F = Levels seen in this place.
 G = Mean time per level.
                   A        B        C        D        E       F      G
               +--------+--------+--------+--------+--------+-----+--------+
         Total |   6434 |   6256 |    178 |    233 |   4546 |   8 |  804.2 |
       Dungeon |   5463 |   5285 |    178 |    233 |   3981 |   6 |  910.5 |
         Sewer |    319 |    319 |      0 |      0 |    246 |   1 |  319.0 |
       Ossuary |    652 |    652 |      0 |      0 |    319 |   1 |  652.0 |
               +--------+--------+--------+--------+--------+-----+--------+

Top non-repeatable levels by time:
     D:1: 1449 daAuts
     D:3: 1227 daAuts
     D:4: 1017 daAuts
     D:2: 879 daAuts
     D:5: 846 daAuts
 Ossuary: 652 daAuts
   Sewer: 319 daAuts
     D:7: 43 daAuts
